 Dungeon Crawl Stone Soup version 0.31-a0-841-g038b102fc3 (webtiles) character file.

Game seed: 7362477272527929250

199 Kurtz the Chopper (level 5, -3/36 HPs)
             Began as an Octopode Fighter on Sept 28, 2023.
             Slain by Natasha (7 damage)
             ... on level 3 of the Dungeon.
             The game lasted 00:02:13 (2794 turns).

Kurtz the Chopper (Octopode Fighter)                Turns: 2794, Time: 00:02:14

Health: -3/36      AC:  1    Str: 17    XL:     5   Next: 77%
Magic:  5/5        EV: 13    Int: 10    God:
Gold:   161        SH:  4    Dex: 12    Spells: 4/4 levels left

rFire   . . .        a - +0 war axe
rCold   . . .        b - +0 buckler
rNeg    . . .        (helmet restricted)
rPois   .            (no amulet)
rElec   .            (no ring)
rCorr   .            (no ring)
SInv    .            (no ring)
Will    .....        (no ring)
Stlth   ++           (no ring)
HPRegen 0.26/turn    (no ring)
MPRegen 0.09/turn    (no ring)
                     (no ring)

%: no passive effects
@: no status effects
A: almost no armour, amphibious, 8 rings, camouflage 1, gelatinous body 1,
(nimble swimmer 1), tentacles
a: no special abilities


You were on level 3 of the Dungeon.
You visited 1 branch of the dungeon, and saw 4 of its levels.

You collected 161 gold pieces.

Inventory:

Hand Weapons
 a - a +0 war axe (weapon)
Armour
 b - a +0 buckler (worn)
Jewellery
 k - a ring of ice
 o - an amulet of magic regeneration
Scrolls
 d - 3 scrolls of identify {unknown}
 h - 2 scrolls of brand weapon {unknown}
 j - a scroll of noise {unknown}
 l - 3 scrolls of fear {unknown}
 n - a scroll of blinking {unknown}
 p - a scroll of immolation {unknown}
Potions
 c - 3 potions of might
 e - 3 potions of curing
 f - a potion of mutation {unknown}
 g - a potion of invisibility {unknown}
 i - 2 potions of brilliance {unknown}
 m - a potion of lignification {unknown}


   Skills:
 - Level 3.0 Fighting
 * Level 5.8 Axes
 - Level 3.0 Dodging
 - Level 3.0 Shields


You had 4 spell levels left.
You didn't know any spells.
Your spell library contained the following spells:

 Spells                   Type           Power      Damage    Failure   Level
 Blink                    Tloc           0%         N/A       58%         2
 Lesser Beckoning         Tloc           0%         N/A       58%         2
 Momentum Strike          Conj/Tloc      0%         3d8       58%         2


Dungeon Overview and Level Annotations

Branches:
Dungeon (4/15)
 Temple: D:4-7

Altars:

Shops:
D:2 [

Annotations:
D:3 Natasha
D:4 Dowan, Duvessa


Innate Abilities, Weirdness & Mutations

You cannot wear most types of armour.
You are amphibious.
You can wear up to eight rings at the same time.
Your skin changes colour to match your surroundings (Stealth+).
Your rubbery body absorbs attacks. (AC +1, EV +1)
((You are camouflaged when in or above water. (Stealth+)))
You have tentacles for arms and can constrict up to eight enemies at once.


Message History

There is a stone staircase leading up here.
You start resting.
You feel yourself speed up.
You start resting.
HP restored.
You climb upwards.
Level annotation: Natasha Natasha mumbles some strange words.
There is a stone staircase leading down, spattered with blood here.
You barely miss the orc wizard. You grab the orc wizard.
You constrict the orc wizard, but do no damage.
The orc wizard hits you with a +0 dagger.
You slash the orc wizard!
The orc wizard is heavily wounded.
You constrict the orc wizard.
The orc wizard hits you with a +0 dagger.
You hit the orc wizard.
You squeeze the orc wizard, but do no damage.
The orc wizard is severely wounded.
You barely miss Natasha. You constrict the orc wizard.
The orc wizard points at you and mumbles some strange words.
The magic dart hits you! Natasha closely misses you. The orc wizard misses you.
Natasha claws you.
You closely miss Natasha. You grab Natasha.
You hit the orc wizard but do no damage.
You constrict Natasha. You constrict the orc wizard.
You kill the orc wizard!
The cerulean imp hits you from afar with a +2 spear.
You block Natasha's attack.
Unknown command.
You hit Natasha.
Natasha is heavily wounded.
You barely miss the orc. You constrict Natasha.
The cerulean imp hits you from afar with a +2 spear.
* * * LOW HITPOINT WARNING * * *
The orc hits you with a +0 hand axe.
* * * LOW HITPOINT WARNING * * *
Natasha claws you!
You die...
Natasha begins licking her fur clean.

...##.#>....รท..K.#
...##o#5#######..#
...).{#.# ##..#
K#.##.#h# #.[.#
#..##.#5# #..##
......#)# #..#
........# #.5#
...####.#
#Ko#################
...# #.#
#.h@................
#### #.#
#.##################
#.# #.# ############
#.# #.. ...........#
## #.# #.#
#.......###. .# #.#
#...<...#)). .#.
#.......).#. #
#......<####
#.....(>#


You could see Natasha, a cerulean imp (summoned), an orc and a kobold.

Vanquished Creatures
  A hound (D:2)
  An orc priest (D:3)
  An orc wizard (D:3)
  4 adders
  A worm (D:3)
  A dart slug (D:2)
  6 orcs
  3 bats
  5 endoplasms
  3 giant cockroaches
  7 goblins
  6 hobgoblins
  4 jackals (D:1)
  8 quokkas
  3 ball pythons (D:2)
  2 frilled lizards
  2 kobolds (D:1)
  6 rats
64 creatures vanquished.

Notes
Turn   | Place    | Note
-------+----------+-------------------------------------------
     0 | D:1      | Kurtz the Octopode Fighter began the quest for the Orb.
     0 | D:1      | Reached XP level 1. HP: 16/16 MP: 1/1
    69 | D:1      | Reached XP level 2. HP: 6/21 MP: 2/2
   350 | D:1      | Reached skill level 3 in Axes
   748 | D:1      | Reached XP level 3. HP: 20/26 MP: 3/3
  1256 | D:2      | Reached skill level 4 in Axes
  1465 | D:2      | Found Cuxa's Antique Armour Shop.
  1498 | D:2      | Reached XP level 4. HP: 31/31 MP: 4/4
  1975 | D:2      | Reached skill level 5 in Axes
  1975 | D:2      | Reached XP level 5. HP: 26/36 MP: 5/5
  2448 | D:3      | Noticed Natasha
  2575 | D:4      | Noticed Duvessa
  2576 | D:4      | Noticed Dowan
  2794 | D:3      | Slain by Natasha

Illustrated notes

Levels and vault maps discovered:
D:1:      scummos_arrival_checkerplants, layout_loops_corners
D:2:      layout_basic, serial_shops, shop, chequers_jeans, minmay_pentomino_s2
D:3:      layout_loops_ring, serial_shops, nicolae_diamond_shop,
          hangedman_abyss_or_decor_lesser_grid, uniq_grinder,
          uniq_crazy_yiuf_cottage, uniq_natasha, uniq_terence
D:4:      layout_rooms, minitemple, lemuel_temple_firewalk_b, uniq_duvessa

Skill      XL: |  1  2  3  4 |
---------------+-------------+-----
Axes           | 3 4 5 |  5.8
Fighting       | |  3.0
Dodging        | |  3.0
Shields        | |  3.0

Action                     |  1- 3 |  4- 6 || total
---------------------------+-------+-------++-------
  Melee: War axe           |    65 |    44 ||   109
         Tentacles         |    11 |     7 ||    18
         Constrict         |    16 |    16 ||    32
         Unarmed           |       |     1 ||     1
    Use: Potion            |       |     1 ||     1
   Stab: Sleeping          |     7 |     4 ||    11
 Armour: Skin              |    35 |    47 ||    82
  Dodge: Dodged            |    44 |    34 ||    78
  Block: Buckler           |    19 |    14 ||    33

Table legend: (Time is in decaauts)
 A = Elapsed time spent in this place.
 B = Non-inter-level travel time spent in this place.
 C = Inter-level travel time spent in this place.
 D = Time resting spent in this place.
 E = Time spent auto-exploring this place.
 F = Levels seen in this place.
 G = Mean time per level.
                   A        B        C        D        E       F      G
               +--------+--------+--------+--------+--------+-----+--------+
         Total |   2840 |   2698 |    142 |    593 |   1631 |   4 |  710.0 |
       Dungeon |   2840 |   2698 |    142 |    593 |   1631 |   4 |  710.0 |
               +--------+--------+--------+--------+--------+-----+--------+

Top non-repeatable levels by time:
     D:1: 1190 daAuts
     D:2: 1001 daAuts
     D:3: 390 daAuts
     D:4: 257 daAuts
